 Dungeon Crawl Stone Soup version 0.22-a0-467-g5c5de1c (webtiles) character file.

284942 Mgcat the Executioner (level 19, -7/243 HPs)
             Began as a Minotaur Berserker on June 10, 2018.
             Was the Champion of Trog.
             Killed by the air
             ... invoked by Sojobo
              (35 damage)
             ... on level 3 of the Vaults.
             The game lasted 01:42:23 (41026 turns).

Mgcat the Executioner (Minotaur Berserker)         Turns: 41026, Time: 01:42:23

Health: -7/243     AC: 41    Str: 30    XL:     19   Next: 79%
Magic:  25/25      EV: 16    Int:  8    God:    Trog [******]
Gold:   345        SH:  0    Dex: 11    Spells: 18/18 levels left

rFire    + . .     SeeInvis +   P - +4 battleaxe "Mepoef" {venom, *Drain +Blink MR+++ SInv}
rCold    + + .     Gourm    .   (shield currently unavailable)
rNeg     + . .     Faith    +   D - +10 plate armour {ponderous}
rPois    +         Spirit   .   d - -2 hat of the Alchemist {rElec rPois rF+ rC+ rN+ MR+ rMut rCorr}
rElec    +         Reflect  .   H - +2 cloak
rCorr    +         Harm     .   y - +2 pair of gloves {archery}
rMut     +                      L - +2 pair of boots {Fly}
MR       +++++                  q - amulet of faith {Faith, !P}
Stlth    ..........             v - +4 ring of protection
HPRegen  1.50/turn              a - ring of protection from cold {rC+, !d}
MPRegen  0.19/turn

@: berserking, flying, regenerating, very quick
A: retaliatory headbutt, horns 2, frail 1
}: 2/15 runes: decaying, serpentine
a: Berserk, Trog's Hand, Brothers in Arms, Renounce Religion, Evoke Blink


You were on level 3 of the Vaults.
You worshipped Trog.
Trog was exalted by your worship.
You were hungry.

You visited 6 branches of the dungeon, and saw 34 of its levels.
You visited 2 bazaars.
You also visited: Labyrinth and Trove.

You collected 2984 gold pieces.
You spent 2639 gold pieces at shops.

Inventory:

Hand Weapons
 k - a +2 antimagic executioner's axe
   (Trog gifted it to you on level 4 of the Snake Pit)
 P - the +4 battleaxe "Mepoef" (weapon) {venom, *Drain +Blink MR+++ SInv}
   (Trog gifted it to you on level 1 of the Orcish Mines)

   It poisons the flesh of those it strikes.
   It affects your resistance to hostile enchantments.
   It lets you see invisible.
   It lets you blink.
   It causes draining when unequipped.
Missiles
 G - a throwing net {=f, !d}
Armour
 d - the -2 hat of the Alchemist (worn) {rElec rPois rF+ rC+ rN+ MR+ rMut rCorr}
   (You bought it in a shop on level 2 of the Orcish Mines)

   It protects you from fire.
   It protects you from cold.
   It insulates you from electricity.
   It protects you from poison.
   It protects you from negative energy.
   It affects your resistance to hostile enchantments.
   It protects you from acid and corrosion.
   It protects you from mutation.
 y - a +2 pair of gloves of archery (worn)
   (You bought it in a shop on level 2 of the Orcish Mines)
 D - a +10 plate armour of ponderousness (worn)
   (You took it off a minotaur in a labyrinth)
 H - a +2 cloak (worn)
   (You found it on level 3 of the Vaults)
 L - a +2 pair of boots of flying (worn)
   (You bought it in a shop on level 2 of the Orcish Mines)
Jewellery
 a - a ring of protection from cold (right hand) {rC+, !d}
   (You found it on level 8 of the Dungeon)
 m - an uncursed ring of see invisible {sInv, !d}
   (You found it on level 2 of the Swamp)
 q - an amulet of faith (around neck) {Faith, !P}
   (You found it on level 5 of the Dungeon)
 t - an uncursed ring of protection from magic {MR+, !d}
   (You found it on level 6 of the Dungeon)
 v - a +4 ring of protection (left hand)
   (You found it on level 6 of the Dungeon)
Wands
 n - a wand of iceblast (21)
   (You found it on level 6 of the Dungeon)
 J - a wand of clouds (4)
   (You found it in a treasure trove)
 Q - a wand of scattershot (8)
   (You found it on level 1 of the Snake Pit)
 R - a wand of acid (32)
   (You found it on level 3 of the Snake Pit)
 U - a wand of digging (31)
   (You found it on level 15 of the Dungeon)
Scrolls
 b - 9 scrolls of teleportation
 g - 2 scrolls of magic mapping {!r}
 i - 15 scrolls of remove curse
 j - 5 scrolls of identify
 r - 2 scrolls of silence
 w - 3 scrolls of fear
 x - a scroll of brand weapon
 C - a scroll of blinking {!r}
 E - a scroll of enchant armour
 F - a scroll of fog
 I - 3 scrolls of holy word {!r}
 M - 5 scrolls of enchant weapon
 N - 3 scrolls of immolation {!r}
Potions
 e - 2 potions of invisibility
 f - 4 potions of cancellation
 h - 6 potions of agility
 l - 4 potions of ambrosia
 p - 5 potions of might
 s - 8 potions of curing
 u - 3 potions of lignification {!q}
 z - 2 potions of flight
 A - 4 potions of mutation {!q}
 B - a potion of resistance
 S - 3 potions of haste
Miscellaneous
 O - a box of beasts
 X - a fan of gales
   (You found it on level 3 of the Snake Pit)
 Z - a phantom mirror
Comestibles
 c - 31 rations
 o - 5 chunks of flesh {@w0}


   Skills:
 + Level 18.7 Fighting
 + Level 24.3 Axes
 + Level 17.3 Armour
 + Level 16.5 Dodging
 - Level 10.0 Evocations


You had 18 spell levels left.
You didn't know any spells.
Your spell library was empty.

Dungeon Overview and Level Annotations

Branches:
Dungeon (15/15)            Temple (0/1) D:4            Lair (6/6) D:9
  Swamp (4/4) Lair:3        Snake (4/4) Lair:3        Slime (0/5) Lair:6
    Orc (2/2) D:12            Elf (0/3) Orc:2        Vaults (3/5) D:13
  Crypt (0/3) Vaults:2     Depths (0/5) D:15

Altars:
Ashenzari
Cheibriados
Fedhas
Hepliaklqana
Kikubaaqudgha
Makhleb
Ru
Sif Muna
Trog
Vehumet
The Shining One
Beogh
Jiyva

Shops:
D:5 }   D:11 *[=   Orc:1 *   Orc:2 [([=   Snake:4 ([*   Vaults:1 [?
Vaults:2 %   Vaults:3 }

Annotations:
Lair:6 1 runed door
Swamp:4 Lernaean hydra
Vaults:3 Sojobo


Innate Abilities, Weirdness & Mutations

You reflexively headbutt those who attack you in melee.
You have a pair of horns on your head.
You are frail. (-10% HP)


Message History

The deep elf knight hits you with a long sword!
The ice dragon misses you. x2; The ice dragon tramples you!
You are shoved backwards!
You hit the ice dragon but do no damage.
The ice dragon is moderately wounded.
You slice the deep elf knight!!
The deep elf knight hits you but does no damage.
The ice dragon breathes frost at you. The blast of cold hits you! You resist.
Sojobo, Queen of Tengu comes into view.
She is wielding a great sword of freezing.
You hear a shout!
You hit the ice dragon but do no damage.
You headbutt the ice dragon, but do no damage.
The ice dragon is moderately wounded.
You hit the deep elf knight.
The deep elf knight looks as sick as possible!
The deep elf knight closely misses you. You furiously retaliate!
You headbutt the deep elf knight!!
You kill the deep elf knight!
Trog accepts your kill.
Trog appreciates your killing of a magic user.
The ice dragon closely misses you.
The ice dragon claws you but does no damage.
The ice dragon tramples you but does no damage.
Sojobo gestures wildly while chanting.
You cut the ice dragon into ribbons!!! You headbutt the ice dragon!
The ice dragon is almost dead.
A vortex of raging winds appears around the air elemental!
The ice dragon bites you but does no damage.
The ice dragon misses you. The ice dragon tramples you!
You are shoved backwards!
You slice the ice dragon!!
You kill the ice dragon!
Trog accepts your kill.
You hit the hornet.
A vortex of raging winds appears around the air elemental!
The air elemental hits you. The hornet misses you. You furiously retaliate!
You headbutt the hornet. You cut the hornet into ribbons!!!
You kill the hornet!
Trog accepts your kill. Something appears at your feet!
Trog grants you a weapon!
Your plate armour prevents you from hitting the air elemental.
You slash the air elemental! The air elemental closely misses you.
The air elemental hits you but does no damage.
The air elemental hits you. The air elemental closely misses you.
An ufetubus comes into view.
The air elemental barely misses you. You furiously retaliate!
You headbutt the air elemental!
Unknown command.
Unknown command.
Unknown command.
Unknown command.
Your skin crawls.
You feel resistant to hostile enchantments.
You feel somewhat more hungry.
You are engulfed in raging winds.
The winds around the air elemental start to calm down.
The air elemental barely misses you. x2; The air elemental hits you.
The air elemental hits you but does no damage.
The air elemental closely misses you. Sojobo closely misses you.
Sojobo pecks you but does no damage. Sojobo claws you.
The air elemental misses you. You furiously retaliate!
You headbutt the air elemental.
A red film seems to cover your vision as you go berserk!
You feel yourself moving faster!
You feel mighty!
You are feeling hungry.
You are engulfed in raging winds.
The winds around the air elemental start to calm down.
The air elemental hits you but does no damage.
The air elemental completely misses you.
You furiously retaliate!
You headbutt the air elemental!!
The air elemental completely misses you.
You furiously retaliate!
You headbutt the air elemental! The air elemental barely misses you.
A tengu reaver comes into view. It is wielding an enchanted bardiche.
Sojobo waves her feathered arms in wide circles.
The air twists around and violently strikes you in flight!
* * * LOW HITPOINT WARNING * * *
The air elemental hits you.
* * * LOW HITPOINT WARNING * * *
The air elemental hits you but does no damage.
You hit Sojobo. Your headbutt misses Sojobo.
Sojobo is lightly wounded.
You slice the air elemental!!
You destroy the air elemental!
You slice the air elemental!!
You feel the power of Trog in you as your rage grows.
You destroy the air elemental!
You are engulfed in raging winds.
You feel yourself speed up. Sojobo closely misses you. You furiously retaliate!
You headbutt Sojobo. Sojobo pecks you but does no damage. Sojobo misses you.
You slice Sojobo!!
Sojobo looks as sick as possible!
You headbutt Sojobo!!
Sojobo is moderately wounded.
Your plate armour prevents you from hitting Sojobo.
Sojobo is moderately wounded.
Sojobo waves her feathered arms in wide circles.
The air twists around and violently strikes you in flight!
You die...

.+..'..))......#.#########
'#'##..)<......#.#
.#.##.)[)......#.#
##'##..........#^#
#...#..........+.#
'.=.############.# #...#
........§)§# #####
.......§..Q# ...
.>.....§5§@# ...
......§§Q...§..... ...
........§..§...... #+#
######'#######+### #. #.
#.


You could see Sojobo, a tengu reaver and an ufetubus.

Vanquished Creatures
  Xtahua (Vaults:3)
  Asterion (Snake:4)
  Agnes (Snake:4)
  5 nagarajas
  2 fire giants
  2 frost giants (Vaults:3)
  Aizul (Snake:2)
  2 vault wardens
  An orc warlord (Orc:2)
  4 very ugly things
  4 ironheart preservers (Vaults:1)
  2 deep elf demonologists (Vaults:1)
  5 stone giants
  A minotaur (Lab)
  Nessos (D:13)
  3 dire elephants (Lair:6)
  Snorg (Lair:5)
  A fire dragon (Vaults:2)
  A jiangshi (Vaults:2)
  A crystal guardian (Vaults:3)
  An eidolon (Vaults:2)
  A rakshasa (Vaults:2)
  16 hydras
  Fannar (Lair:3)
  18 naga warriors
  2 great orbs of eyes (Vaults:1)
  Harold (D:12)
  A yaktaur captain (Vaults:2)
  2 ice dragons
  5 ogre magi
  A death knight (Vaults:1)
  A ghost crab (Swamp:2)
  An anaconda (shapeshifter) (Vaults:2)
  9 centaur warriors
  12 alligators
  20 anacondas
  7 two-headed ogres
  11 death yaks (Lair:5)
  Urug (D:11)
  12 naga sharpshooters
  2 orc high priests (Orc:2)
  3 deep elf knights
  6 salamander mystics
  10 shock serpents
  A shadow wraith (Vaults:3)
  7 skeletal warriors
  3 sea snakes (Snake:1)
  A fire crab (shapeshifter) (D:15)
  A flayed ghost (Vaults:3)
  2 wizards
  4 deep trolls (Vaults:1)
  An unseen horror (D:11)
  3 glowing orange brains
  7 swamp dragons
  10 naga ritualists
  A shambling mangrove (Swamp:2)
  7 ironbrand convokers
  A deep elf archer (D:13)
  A glowing orange brain (shapeshifter) (Vaults:2)
  4 lindwurms (Snake:4)
  Pikel (D:8)
  13 harpies
  An oklob plant (Snake:3)
  The ghost of opiumtea the Covert, a novice DEFE of Vehumet (D:8)
  9 deep elf magi
  7 orc knights
  22 ugly things
  16 mana vipers
  14 salamanders
  4 orc sorcerers
  8 cyclopes
  3 wolf spiders
  2 manticores
  7 vault sentinels
  20 naga magi
  A black mamba (shapeshifter) (D:15)
  12 guardian serpents
  41 black mambas
  4 molten gargoyles (D:15)
  11 elephants
  Psyche (D:9)
  12 spiny frogs
  A torpor snail (shapeshifter) (D:15)
  2 gargoyles
  32 yaktaurs
  2 efreet (D:13)
  A kobold demonologist (D:10)
  A rime drake (Lair:5)
  4 freezing wraiths
  5 komodo dragons
  The ghost of OnekoMk1 the Magician, a novice DEAE of Sif Muna (D:4)
  3 trolls
  A queen bee (D:12)
  A hornet (shapeshifter) (D:13)
  30 slime creatures
  16 hornets
  17 tyrant leeches
  7 bog bodies
  12 blink frogs
  A meliai zombie (D:13)
  A stone giant simulacrum (Vaults:3)
  13 hippogriffs
  3 shadows
  A yak (shapeshifter) (D:15)
  3 wyverns
  9 spriggans
  33 yaks
  A vampire (D:15)
  2 wraiths
  4 water elementals (D:15)
  A hungry ghost (D:15)
  A basilisk (D:15)
  A human simulacrum (Vaults:2)
  24 vampire mosquitoes
  4 wargs (Orc:2)
  2 soldier ants
  19 swamp worms
  19 insubstantial wisps
  38 nagas
  7 water moccasins
  2 acid dragons
  5 porcupines
  A sky beast (D:10)
  2 ettin simulacra
  3 ice beasts (D:9)
  3 slaves (D:8)
  16 swamp drakes
  A black bear (Lair:5)
  51 orc warriors
  A phantom (D:8)
  30 ogres
  An eye of draining (D:13)
  5 boggarts
  32 centaurs
  13 crocodiles
  12 big kobolds
  10 bullfrogs
  A wyvern zombie (D:14)
  A wyvern skeleton (D:13)
  2 scorpions
  17 killer bees
  4 wights (D:7)
  2 howler monkeys
  A vampire bat (D:3)
  6 electric eels
  A lava snake (D:7)
  6 crimson imps
  2 bullfrog zombies
  4 jellies
  7 hounds
  A quasit (D:12)
  3 bullfrog skeletons
  29 orc priests
  24 orc wizards
  10 centaur skeletons
  7 iguanas
  6 worker ants
  A killer bee zombie (D:7)
  3 hound zombies
  A mummy (D:6)
  20 adders
  7 shadow imps
  An adder skeleton (D:4)
  4 worms
  4 dart slugs
  6 leopard geckos
  143 orcs
  4 bat skeletons (D:3)
  A bat zombie (D:3)
  3 giant cockroaches
  5 goblins
  3 hobgoblins
  18 jackals
  3 quokkas
  4 ball pythons
  4 bats
  6 frilled lizards
  A hobgoblin zombie (D:6)
  12 kobolds
  2 kobold zombies (D:6)
  A leopard gecko skeleton (D:4)
  A leopard gecko zombie (D:6)
  An orc zombie (D:6)
  3 quokka skeletons
  9 rats
  6 briar patches
  A fire vortex (D:15)
  4 fungi
  6 plants
1381 creatures vanquished.

Vanquished Creatures (collateral kills)
  2 thorn hunters
  2 nagarajas (Snake:4)
  3 hydras
  3 naga warriors (Snake:2)
  A naga sharpshooter (Snake:4)
  A shock serpent (Snake:2)
  A salamander (Snake:2)
  A naga mage (Snake:4)
  A komodo dragon (Lair:1)
  A yaktaur (D:14)
  A troll (D:14)
  5 slime creatures (D:14)
  An insubstantial wisp (Swamp:4)
  A briar patch (Swamp:2)
24 creatures vanquished.

Vanquished Creatures (others)
  2 orcs
  4 briar patches
  12 fungi
  29 plants
47 creatures vanquished.

Grand Total: 1452 creatures vanquished

Notes
Turn   | Place    | Note
-------+----------+-------------------------------------------
     0 | D:1      | Mgcat the Minotaur Berserker began the quest for the Orb.
     0 | D:1      | Reached XP level 1. HP: 19/19 MP: 0/0
   329 | D:1      | Reached skill level 4 in Axes
   381 | D:2      | Reached XP level 2. HP: 26/26 MP: 1/1
   535 | D:2      | Reached skill level 5 in Axes
   563 | D:2      | Reached XP level 3. HP: 24/31 MP: 2/2
   802 | D:2      | Reached ** piety under Trog
   898 | D:2      | Reached skill level 6 in Axes
   898 | D:2      | Reached XP level 4. HP: 35/39 MP: 3/3
  1613 | D:3      | Reached skill level 7 in Axes
  1613 | D:3      | Reached XP level 5. HP: 45/45 MP: 4/4
  1941 | D:3      | Found an ancient bone altar of Kikubaaqudgha.
  1953 | D:3      | Reached skill level 8 in Axes
  2238 | D:4      | Noticed OnekoMk1's ghost (novice DEAE)
  2256 | D:4      | Killed OnekoMk1's ghost
  2256 | D:4      | Reached skill level 9 in Axes
  2256 | D:4      | Reached XP level 6. HP: 23/51 MP: 5/5
  2514 | D:4      | Found a staircase to the Ecumenical Temple.
  2549 | D:4      | Reached *** piety under Trog
  2561 | D:4      | Reached XP level 7. HP: 55/57 MP: 6/6
  2659 | D:4      | Reached skill level 10 in Axes
  2660 | D:4      | HP: 10/57 [something/magic dart (7)]
  3245 | D:4      | Found a burning altar of Makhleb.
  3350 | D:5      | Entered Level 5 of the Dungeon
  3424 | D:5      | Reached skill level 11 in Axes
  3577 | D:5      | Reached XP level 8. HP: 64/64 MP: 7/7
  3599 | D:5      | Reached skill level 12 in Axes
  3781 | D:5      | Found Yreabusk's Gadget Boutique.
  4155 | D:5      | Noticed a moth of wrath
  4158 | D:5      | Found a bloodstained altar of Trog.
  4164 | D:5      | Reached **** piety under Trog
  4477 | D:6      | Found a glowing golden altar of the Shining One.
  4797 | D:6      | Reached skill level 13 in Axes
  5486 | D:7      | Found a radiant altar of Vehumet.
  5539 | D:7      | Reached skill level 14 in Axes
  5539 | D:7      | Reached XP level 9. HP: 70/70 MP: 8/8
  5567 | D:7      | Reached skill level 4 in Fighting
  5642 | D:7      | Reached ***** piety under Trog
  5750 | D:7      | Reached skill level 5 in Fighting
  5859 | D:7      | Reached skill level 3 in Dodging
  5930 | D:7      | Reached skill level 4 in Dodging
  6448 | D:8      | Noticed a two-headed ogre
  6455 | D:8      | Killed a two-headed ogre
  6455 | D:8      | Reached skill level 7 in Dodging
  6510 | D:8      | Reached skill level 3 in Armour
  6513 | D:8      | Reached skill level 4 in Armour
  6582 | D:8      | Noticed Pikel
  6596 | D:8      | Killed Pikel
  6596 | D:8      | Reached skill level 6 in Armour
  6596 | D:8      | Reached XP level 10. HP: 81/81 MP: 9/9
  6856 | D:8      | Found a snail-covered altar of Cheibriados.
  6860 | D:8      | Received a gift from Trog
  7191 | D:8      | Noticed opiumtea's ghost (novice DEFE)
  7201 | D:8      | Killed opiumtea's ghost
  7374 | D:9      | Noticed a two-headed ogre
  7382 | D:9      | Killed a two-headed ogre
  7382 | D:9      | Reached skill level 15 in Axes
  7465 | D:9      | Found a deep blue altar of Sif Muna.
  7465 | D:9      | Found a hazy altar of Hepliaklqana.
  7543 | D:9      | Reached skill level 16 in Axes
  7636 | D:9      | Found a staircase to the Lair.
  7852 | D:9      | Noticed Psyche
  7856 | D:9      | Killed Psyche
  7856 | D:9      | Reached XP level 11. HP: 86/86 MP: 10/10
  8205 | D:10     | Entered Level 10 of the Dungeon
  8377 | D:10     | Received a gift from Trog
  8381 | D:10     | Reached skill level 17 in Axes
  8466 | D:10     | Gained mutation: You are frail. (-10% HP) [a neqoxec]
  9245 | D:11     | Got a pair of distressingly furry gloves
  9251 | D:11     | Identified the -4 pair of gloves of Yredelemnul's Approval {rF+ Regen+ rCorr Str+2} (You found it on level 11 of the Dungeon)
  9368 | D:11     | Found Diusol's Armour Shoppe.
  9749 | D:11     | Noticed Urug
  9757 | D:11     | Killed Urug
  9757 | D:11     | Reached skill level 18 in Axes
  9864 | D:11     | Found Deotuedo's General Store.
  9891 | D:11     | Noticed a two-headed ogre
  9899 | D:11     | Killed a two-headed ogre
 10096 | D:11     | Found Ylaun Jesin's Jewellery Boutique.
 10293 | D:11     | Found a blossoming altar of Fedhas.
 10346 | D:11     | Killed an unseen horror
 10548 | Lair:1   | Entered Level 1 of the Lair of Beasts
 10749 | Lair:1   | Found a labyrinth entrance.
 10758 | Lab      | Entered a labyrinth
 10839 | Lab      | Noticed a minotaur
 10852 | Lab      | Killed a minotaur
 10852 | Lab      | Reached skill level 19 in Axes
 10861 | Lab      | Identified Jimen's Catalogue of the Mountains
 10865 | Lab      | Got an opalescent robe
 10867 | Lab      | Identified the Reference Book on Assistive Malediction
 11059 | Lair:1   | Noticed a seven-headed hydra
 11067 | Lair:1   | HP: 19/77 [13-headed hydra (5)]
 11067 | Lair:1   | HP: 2/77 [13-headed hydra (9)]
 11068 | Lair:1   | Killed a 13-headed hydra
 11419 | Lair:1   | Noticed a four-headed hydra
 11426 | Lair:1   | Killed an eight-headed hydra
 11426 | Lair:1   | Reached XP level 12. HP: 68/84 MP: 3/11
 12194 | Lair:2   | You fall through a shaft!
 12213 | Lair:3   | Reached skill level 20 in Axes
 12849 | Lair:3   | Reached skill level 6 in Fighting
 12898 | Lair:3   | Found a staircase to the Snake Pit.
 13041 | Lair:3   | Reached skill level 7 in Fighting
 13075 | Lair:3   | Reached skill level 8 in Fighting
 13260 | Lair:3   | Noticed Fannar
 13277 | Lair:3   | Killed Fannar
 13277 | Lair:3   | Reached skill level 9 in Fighting
 13756 | Lair:3   | Found a staircase to the Swamp.
 13975 | Lair:4   | Noticed a five-headed hydra
 13983 | Lair:4   | Killed an eight-headed hydra
 13983 | Lair:4   | Reached skill level 10 in Fighting
 13999 | Lair:4   | Received a gift from Trog
 14189 | Lair:4   | Reached skill level 1 in Evocations
 14198 | Lair:4   | Reached skill level 2 in Evocations
 14260 | Lair:4   | Reached skill level 3 in Evocations
 14388 | Lair:4   | Reached skill level 4 in Evocations
 14754 | Lair:5   | Noticed a death yak
 14952 | Lair:5   | Noticed a death yak
 14953 | Lair:5   | Noticed Snorg
 14956 | Lair:5   | Killed a death yak
 14956 | Lair:5   | Reached skill level 5 in Evocations
 14956 | Lair:5   | Reached XP level 13. HP: 101/101 MP: 5/15
 14968 | Lair:5   | Killed Snorg
 14968 | Lair:5   | Reached skill level 6 in Evocations
 14984 | Lair:5   | Reached skill level 7 in Evocations
 15389 | Lair:5   | Reached skill level 8 in Evocations
 15413 | Lair:5   | Reached skill level 9 in Evocations
 15662 | Lair:6   | Entered Level 6 of the Lair of Beasts
 15864 | Lair:6   | Received a gift from Trog
 15895 | Lair:6   | Reached skill level 10 in Evocations
 15938 | Lair:6   | Noticed an azure jelly
 15940 | Lair:6   | Found a runed door.
 15940 | Lair:6   | Noticed an azure jelly
 15941 | Lair:6   | Noticed an azure jelly
 15942 | Lair:6   | Found a viscous altar of Jiyva.
 15942 | Lair:6   | Found a staircase to the Slime Pits.
 16528 | Lair:6   | Noticed a dire elephant
 16535 | Lair:6   | Killed a dire elephant
 16573 | Lair:6   | Noticed a dire elephant
 16573 | Lair:6   | Noticed a dire elephant
 16585 | Lair:6   | Killed a dire elephant
 16592 | Lair:6   | Killed a dire elephant
 16592 | Lair:6   | Reached skill level 7 in Armour
 16592 | Lair:6   | Reached XP level 14. HP: 109/109 MP: 6/20
 16803 | Lair:6   | Reached skill level 8 in Dodging
 17272 | D:12     | Reached skill level 11 in Fighting
 17529 | D:12     | Noticed Harold
 17536 | D:12     | Killed Harold
 17726 | D:12     | Found an ancient bone altar of Kikubaaqudgha.
 17738 | D:12     | Reached ****** piety under Trog
 17738 | D:12     | Reached skill level 8 in Armour
 17851 | D:12     | Found a staircase to the Orcish Mines.
 18178 | Orc:1    | Entered Level 1 of the Orcish Mines
 18200 | Orc:1    | Received a gift from Trog
 18242 | Orc:1    | Found Ceneu's Assorted Antiques.
 18265 | Orc:2    | Entered Level 2 of the Orcish Mines
 18266 | Orc:2    | Found a roughly hewn altar of Beogh.
 18377 | Orc:2    | Found a roughly hewn altar of Beogh.
 18398 | Orc:2    | Found Hotatz's Antique Armour Shop.
 18520 | Orc:1    | Found a roughly hewn altar of Beogh.
 18525 | Orc:1    | Received a gift from Trog
 18526 | Orc:1    | Got a scorched battleaxe {god gift}
 18530 | Orc:1    | Identified the +4 battleaxe "Mepoef" {venom, *Drain +Blink MR+++ SInv} (Trog gifted it to you on level 1 of the Orcish Mines)
 18761 | Orc:2    | Found a roughly hewn altar of Beogh.
 18803 | Orc:2    | Found a staircase to the Elven Halls.
 18969 | Orc:2    | Reached skill level 9 in Dodging
 19135 | Orc:2    | Found a roughly hewn altar of Beogh.
 19229 | Orc:2    | Found a roughly hewn altar of Beogh.
 19272 | Orc:2    | Found a roughly hewn altar of Beogh.
 19273 | Orc:2    | Found Ihiefed's Jewellery Shoppe.
 19487 | Orc:2    | Noticed an orc warlord
 19520 | Orc:2    | Killed an orc warlord
 19520 | Orc:2    | Reached skill level 9 in Armour
 19524 | Orc:2    | Received a gift from Trog
 19582 | Orc:2    | Found Joukk's Antique Armour Shoppe.
 19583 | Orc:2    | Found a roughly hewn altar of Beogh.
 19585 | Orc:2    | Found Rots's Antique Weapon Emporium.
 19594 | Orc:2    | Bought the -2 hat of the Alchemist {rElec rPois rF+ rC+ rN+ MR+ rMut rCorr} for 1274 gold pieces
 19594 | Orc:2    | Found the -2 hat of the Alchemist {rElec rPois rF+ rC+ rN+ MR+ rMut rCorr}
 19594 | Orc:2    | Bought a pair of glowing boots for 202 gold pieces
 19605 | Orc:2    | Bought a pair of embroidered gloves for 202 gold pieces
 19742 | Orc:2    | Found a roughly hewn altar of Beogh.
 19904 | D:13     | Reached skill level 12 in Fighting
 20012 | D:13     | Found a gate to the Vaults.
 20240 | D:13     | Received a gift from Trog
 20292 | D:13     | Reached skill level 10 in Dodging
 20302 | D:13     | Noticed Nessos
 20314 | D:13     | Killed Nessos
 20761 | D:14     | Reached XP level 15. HP: 56/120 MP: 21/21
 20762 | D:14     | Reached skill level 10 in Armour
 20925 | D:14     | Reached skill level 21 in Axes
 21015 | D:14     | Found a portal to a secret trove of treasure.
 21518 | D:15     | Entered Level 15 of the Dungeon
 21536 | D:15     | Found a roughly hewn altar of Beogh.
 22191 | D:15     | Received a gift from Trog
 22207 | D:15     | Reached skill level 13 in Fighting
 22233 | D:15     | Found a staircase to the Depths.
 22911 | Swamp:1  | Entered Level 1 of the Swamp
 22940 | Swamp:1  | Reached skill level 11 in Dodging
 23032 | Swamp:1  | Reached skill level 11 in Armour
 23686 | Swamp:1  | You are sucked into a shaft!
 23706 | Swamp:2  | HP: 16/122 [alligator[an alligator] (18)]
 24011 | Swamp:2  | Received a gift from Trog
 24036 | Swamp:2  | Got a transparent executioner's axe {god gift}
 24042 | Swamp:2  | Identified the +4 executioner's axe of Orthodoxy {drain, *Corrode rN++ Int+3 Dex+4} (Trog gifted it to you on level 2 of the Swamp)
 24433 | Swamp:1  | HP: 30/123 [four-headed hydra (9)]
 24850 | Swamp:2  | Noticed a thorn hunter
 25326 | Swamp:2  | Reached skill level 14 in Fighting
 25367 | Swamp:2  | Reached XP level 16. HP: 117/131 MP: 22/22
 25394 | Swamp:2  | Killed a thorn hunter
 25394 | Swamp:2  | Reached skill level 12 in Armour
 25616 | Swamp:2  | Received a gift from Trog
 26039 | Swamp:3  | Reached skill level 12 in Dodging
 26452 | Swamp:3  | Received a gift from Trog
 26934 | Swamp:3  | Noticed a thorn hunter
 26944 | Swamp:3  | Killed a thorn hunter
 27173 | Swamp:4  | Entered Level 4 of the Swamp
 27233 | Swamp:4  | Reached skill level 22 in Axes
 27811 | Swamp:4  | Reached skill level 13 in Armour
 28265 | Swamp:4  | Reached skill level 15 in Fighting
 28273 | Swamp:4  | Got a decaying rune of Zot
 28280 | Swamp:4  | Noticed the 27-headed Lernaean hydra
 28404 | Snake:1  | Entered Level 1 of the Snake Pit
 28436 | Snake:1  | Received a gift from Trog
 28642 | Snake:1  | Got a heavy robe
 28709 | Snake:1  | Reached skill level 13 in Dodging
 29842 | Snake:1  | Reached XP level 17. HP: 140/140 MP: 23/23
 30011 | Snake:2  | Found a blossoming altar of Fedhas.
 30163 | Snake:2  | Received a gift from Trog
 30222 | Snake:2  | HP: 52/211 [poisoned by a naga warrior (splash of poison)]
 30225 | Snake:2  | HP: 25/141 [shock serpent/bolt of electricity (7)]
 30497 | Snake:2  | Reached skill level 14 in Armour
 30838 | Snake:2  | Noticed Aizul
 30857 | Snake:2  | Killed Aizul
 31670 | Snake:3  | Reached skill level 16 in Fighting
 31793 | Snake:3  | Received a gift from Trog
 31826 | Snake:3  | Found a sacrificial altar of Ru.
 31840 | Snake:3  | Reached skill level 14 in Dodging
 32855 | Snake:4  | Entered Level 4 of the Snake Pit
 32867 | Snake:4  | Found Duvafyos's General Store.
 33118 | Snake:4  | Found a flickering gateway to a bazaar.
 33142 | Bazaar   | Entered a bazaar
 33281 | Bazaar   | Found Ocraitaj's Distillery.
 33281 | Bazaar   | Found Ittampoo's Weapon Emporium.
 33317 | Bazaar   | Found Pemas's Antique Weapon Shoppe.
 33317 | Bazaar   | Found Imotaste's Magic Scroll Shoppe.
 33355 | Bazaar   | Bought a potion of haste for 130 gold pieces
 33355 | Bazaar   | Bought a potion of haste for 130 gold pieces
 33355 | Bazaar   | Bought a potion of agility for 52 gold pieces
 33373 | Bazaar   | Bought a scroll of enchant weapon for 75 gold pieces
 33373 | Bazaar   | Bought a scroll of magic mapping for 35 gold pieces
 33373 | Bazaar   | Bought a scroll of identify for 20 gold pieces
 33373 | Bazaar   | Bought a scroll of identify for 20 gold pieces
 33415 | Snake:4  | Reached skill level 23 in Axes
 33481 | Snake:4  | Found Wumnyhah's Weapon Shoppe.
 33530 | Snake:4  | Found Cixzirorr's Antique Armour Shop.
 33543 | Snake:4  | Bought a glowing cloak for 217 gold pieces
 33780 | Snake:4  | Noticed Agnes
 33792 | Snake:4  | Killed Agnes
 33857 | Snake:4  | Noticed Asterion
 33864 | Snake:4  | Received a gift from Trog
 33875 | Snake:4  | Killed Asterion
 33875 | Snake:4  | Reached skill level 15 in Armour
 34178 | Snake:4  | Reached XP level 18. HP: 126/151 MP: 24/24
 34358 | Snake:4  | HP: 37/151 [nagaraja/poison arrow (23)]
 35218 | Snake:4  | Received a gift from Trog
 35608 | Snake:4  | Reached skill level 17 in Fighting
 35793 | Snake:4  | Reached skill level 15 in Dodging
 36230 | Snake:4  | Received a gift from Trog
 36317 | Snake:4  | Got a serpentine rune of Zot
 36636 | Vaults:1 | Entered Level 1 of the Vaults
 36636 | Vaults:1 | Found a shattered altar of Ashenzari.
 36661 | Vaults:1 | Found Zipestav's Armour Shop.
 36788 | Vaults:1 | Reached skill level 16 in Armour
 36841 | Vaults:1 | Found a flickering gateway to a bazaar.
 36846 | Bazaar   | Entered a bazaar
 36860 | Bazaar   | Found Yfoow's Book Emporium.
 36860 | Bazaar   | Found Kixti's Book Shoppe.
 36881 | Bazaar   | Found Fonuts's Gadget Emporium.
 36881 | Bazaar   | Found Jeup's Jewellery Shoppe.
 36902 | Bazaar   | Found Ograkhei's Assorted Antiques.
 36902 | Bazaar   | Found Damoo's Food Shoppe.
 36923 | Bazaar   | Found Zuaxtyti's General Store.
 36923 | Bazaar   | Found Oliyrch's Assorted Antiques.
 36975 | Bazaar   | Bought a scroll of magic mapping for 28 gold pieces
 36989 | Bazaar   | Bought a scroll of enchant weapon for 127 gold pieces
 37081 | Vaults:1 | Received a gift from Trog
 37136 | Vaults:1 | Got a pair of pitted boots
 37147 | Vaults:1 | Identified the cursed +0 pair of boots of the Guild-Master {*Corrode rC+ MP+9 Str+2} (You found it on level 1 of the Vaults)
 37358 | D:14     | You paid a toll of 19 scrolls of identify to enter a treasure trove
 37359 | Trove    | Entered a treasure trove
 38094 | Vaults:1 | Found Rall's Magic Scroll Shop.
 38107 | Vaults:1 | Bought a scroll of enchant armour for 127 gold pieces
 38140 | Vaults:1 | Got a smelly ring mail
 38167 | Vaults:1 | Noticed an Ice Fiend
 38172 | Vaults:1 | HP: 56/229 [demonic crawler[an ironheart preserver] (2)]
 38179 | Vaults:1 | HP: 57/229 [burnt (1)]
 38181 | Vaults:1 | Reached XP level 19. HP: 60/161 MP: 25/25
 38184 | Vaults:1 | HP: 50/241 [burnt (2)]
 38186 | Vaults:1 | Received a gift from Trog
 38189 | Vaults:1 | HP: 30/161 [burnt (2)]
 39163 | Vaults:2 | Reached skill level 18 in Fighting
 39217 | Vaults:2 | Found a staircase to the Crypt.
 39304 | Vaults:2 | Reached skill level 16 in Dodging
 39555 | Vaults:2 | Reached skill level 24 in Axes
 39830 | Vaults:2 | Found Cuamiom's Food Shoppe.
 39935 | Vaults:2 | Received a gift from Trog
 39943 | Vaults:2 | Identified a scroll of acquirement
 39944 | Vaults:2 | Got a slimy buckler
 39951 | Vaults:2 | Got an ichor-stained battleaxe {god gift}
 39953 | Vaults:2 | Identified the +5 battleaxe of Invincibility {drain, rN++} (Trog gifted it to you on level 2 of the Vaults)
 40279 | Vaults:2 | Reached skill level 17 in Armour
 40726 | Vaults:3 | Noticed Xtahua
 40734 | Vaults:3 | Killed Xtahua
 40947 | Vaults:3 | Found Ynaotee's Gadget Shoppe.
 41017 | Vaults:3 | Noticed Sojobo
 41021 | Vaults:3 | Received a gift from Trog
 41023 | Vaults:3 | HP: 31/243 [Sojobo/the air (49)]
 41026 | Vaults:3 | Killed from afar by Sojobo

Vault maps used:
D:1:      dpeg_arrival_water_temple_mockup
D:2:      minmay_diamond_boxcup
D:3:      kennysheep_vampire_church
D:4:      lightli_temple_of_fire, temple_fountains, first_ration
D:5:      tgw_trog, serial_shops, nicolae_shop_waterfront
D:6:      tso_oasis_becter, minmay_mini_ossuary
D:7:      basic_altar, the_bakery, kennysheep_small_spiral
D:8:      slow_altar_2, special_room, uniq_pikel
D:9:      grunt_temple_overflow_open, minmay_lair_entry_grove, uniq_psyche
D:10:     special_room
D:11:     serial_shops, shop, shop, kennysheep_mini_moat, fedhas_altar_4,
          uniq_urug
D:12:     david_orc_2, basic_altar, nicolae_looking_at_the_future, uniq_harold
D:13:     hangedman_vaults_entry_quadrant_bands, uniq_nessos
D:14:     enter_trove_1
D:15:     gammafunk_enter_depths_forms, roderic_lattice_a, special_room,
          minivault_8
Lair:1:   lab_entry_generic
Lair:2:   st_stairs_7
Lair:3:   minmay_swamp_entry_worms, dummy_snake_entry, grunt_megastairs_1,
          serial_bayou_shore_a, infiniplex_staircase_pool, uniq_fannar
Lair:5:   grunt_megastairs_5, uniq_snorg
Lair:6:   due_jungle_book, slime_altar_2, grunt_megastairs_2
Swamp:1:  serial_swamp_ruin, evilmike_swamp_ruin_wall,
          evilmike_swamp_ruin_house_3
Swamp:2:  hangedman_swamp_pad
Swamp:3:  hangedman_swamp_ruin_wall, swamp_pool2, nicolae_swamp_snake_nest
Swamp:4:  swamp_basic_johnstein, nicolae_swamp_feature_on_the_river_bank
Snake:1:  special_room, nrook_loot_triangle, guppyfry_snake_island
Snake:2:  basic_altar, uniq_aizul
Snake:3:  lemuel_oklob_altar
Snake:4:  snake_pit_salamanders_mu, serial_shops, bzr_entry_water, shop,
          shop_fountains, shop_fountains, uniq_agnes, uniq_asterion
Orc:1:    enter_volcano_2, serial_shops, shop, basic_altar
Orc:2:    grunt_orc_community_town_hall, grunt_orc_community_big_house_2,
          grunt_orc_community_big_house_1, grunt_orc_community_house_2,
          grunt_orc_community_house_1, grunt_orc_community_house_2,
          grunt_orc_community_house_1, grunt_orc_community_house_3,
          grunt_orc_community_house_1, basic_altar
Vaults:1: v_misc_18, grunt_vaults_bifocal, ontoclasm_vaults_pinch, v_rooms_4,
          v_pattern_2, v_misc_26, ontoclasm_vaults_gateway,
          vaults_mumra_minichess, serial_shops, bzr_entry_road, shop_fountains,
          shop, basic_altar
Vaults:2: nicolae_vaults_fighting_squares, nicolae_vaults_triangles,
          hangedman_vaults_locks, minmay_crypt_entry_simple_statues, v_misc_2,
          v_misc_4, nicolae_vaults_stairing_the_circle,
          nicolae_vaults_what_the_h, vaults_dpeg_ring, serial_shops, shop
Vaults:3: ontoclasm_vaults_ring_large, hangedman_vaults_maws, v_misc_9,
          nicolae_vaults_little_squares_6, v_misc_2, st_lattice,
          hangedman_vaults_hat, vaults_mumra_hex, hangedman_vaults_stagger,
          serial_ice_h, serial_ice_m, vaults_room_door_ring, vaults_room_pool,
          serial_shops, shop, uniq_sojobo, uniq_xtahua
Lab:      nicolae_lab_dead_adventurers, nicolae_lab_arrow,
          nicolae_lab_checkerboard
Bazaar:   grunt_bazaar_doublecross, bazaar_long_row
Trove:    trove_wands_scrolls

Skill      XL: |  1  2  3  4  5  6  7  8  9 10 11 12 13 14 15 16 17 18 19 |
---------------+----------------------------------------------------------+-----
Axes           | 4 5 6 7 9 11 14 16 19 20 21 22 23 24 | 24.3
Fighting       | 5 10 12 14 15 16 17 18 | 18.7
Dodging        | 7 10 11 13 14 15 16 | 16.5
Armour         | 6 7 9 11 13 15 16 17 | 17.3
Evocations     | 5 10 | 10.0

Action                   |  1- 3 |  4- 6 |  7- 9 | 10-12 | 13-15 | 16-18 | 19-21 || total
-------------------------+-------+-------+-------+-------+-------+-------+-------++-------
Melee: Hand axe          |    68 |    70 |       |       |       |       |       ||   138
       Headbutt          |     6 |    13 |    38 |    96 |   266 |   323 |   103 ||   845
       War axe           |       |    22 |   246 |   146 |       |       |       ||   414
       Broad axe         |       |       |       |   341 |   368 |       |       ||   709
       Battleaxe         |       |       |       |       |   744 |  1448 |   389 ||  2581
Invok: Berserk           |     7 |     4 |    15 |    17 |    19 |    23 |     6 ||    91
       Trog's Hand       |       |       |       |     5 |     5 |     6 |     1 ||    17
       Brothers in Arms  |       |       |       |     1 |     3 |     9 |       ||    13
 Abil: Evoke Blink       |       |       |       |       |     1 |       |     1 ||     2
Evoke: Wand              |       |       |     2 |     7 |       |    13 |       ||    22
  Use: Potion            |       |       |     1 |       |     4 |     6 |       ||    11
       Scroll            |       |       |    17 |    12 |    14 |    10 |     2 ||    55
 Stab: Sleeping          |       |     1 |       |       |       |       |       ||     1
       Distracted        |       |       |       |       |     1 |       |       ||     1
  Eat: Chunk             |     6 |     8 |    24 |    31 |    32 |    21 |    15 ||   137
       Ration            |       |       |     1 |     5 |     7 |    15 |       ||    28
Armor: Leather armour    |     8 |     7 |       |       |       |       |       ||    15
       Ring mail         |       |    21 |    13 |       |       |       |       ||    34
       Scale mail        |       |       |    57 |    92 |       |       |       ||   149
       Plate armour      |       |       |       |   140 |   559 |   929 |   193 ||  1821
Dodge: Dodged            |    39 |    49 |    91 |   209 |   457 |   756 |   236 ||  1837

Table legend:
 A = Spawn XP
 B = Non-spawn XP
 C = Spawn XP percentage of total XP
 D = Spawn monster count
 E = Non-spawn monster count
 F = Spawn count percentage of total count
 G = Total turns spent on level
                    A         B        C        D         E        F      G
               +---------+---------+-------+---------+---------+-------+---------
         Total |       0 |  454857 |   0.0 |       0 |    1384 |   0.0 | 41026
               +---------+---------+-------+---------+---------+-------+---------
           D:1 |       0 |       9 |   0.0 |       0 |       7 |   0.0 |   366
           D:2 |       0 |     106 |   0.0 |       0 |      30 |   0.0 |   886
           D:3 |       0 |     239 |   0.0 |       0 |      37 |   0.0 |  1177
           D:4 |       0 |     769 |   0.0 |       0 |      20 |   0.0 |   921
           D:5 |       0 |     813 |   0.0 |       0 |      32 |   0.0 |  1021
           D:6 |       0 |     475 |   0.0 |       0 |      34 |   0.0 |   963
           D:7 |       0 |    1402 |   0.0 |       0 |      27 |   0.0 |  1032
           D:8 |       0 |    3125 |   0.0 |       0 |      27 |   0.0 |   951
           D:9 |       0 |    4741 |   0.0 |       0 |      40 |   0.0 |   959
          D:10 |       0 |    1824 |   0.0 |       0 |      24 |   0.0 |  1112
          D:11 |       0 |    4205 |   0.0 |       0 |      22 |   0.0 |  1332
          D:12 |       0 |    9461 |   0.0 |       0 |      41 |   0.0 |  1041
          D:13 |       0 |   12588 |   0.0 |       0 |      45 |   0.0 |   862
          D:14 |       0 |    7357 |   0.0 |       0 |      32 |   0.0 |   922
          D:15 |       0 |   16122 |   0.0 |       0 |      59 |   0.0 |  1190
        Lair:1 |       0 |    3862 |   0.0 |       0 |      10 |   0.0 |  1186
        Lair:2 |       0 |    1985 |   0.0 |       0 |       7 |   0.0 |  1060
        Lair:3 |       0 |    6577 |   0.0 |       0 |      26 |   0.0 |  1282
        Lair:4 |       0 |    4691 |   0.0 |       0 |      16 |   0.0 |   985
        Lair:5 |       0 |   15042 |   0.0 |       0 |      30 |   0.0 |   739
        Lair:6 |       0 |   15242 |   0.0 |       0 |      37 |   0.0 |  1361
       Swamp:1 |       0 |    9446 |   0.0 |       0 |      23 |   0.0 |  1725
       Swamp:2 |       0 |   25661 |   0.0 |       0 |      67 |   0.0 |  1423
       Swamp:3 |       0 |   16842 |   0.0 |       0 |      56 |   0.0 |  1176
       Swamp:4 |       0 |   18802 |   0.0 |       0 |      48 |   0.0 |  1134
       Snake:1 |       0 |   20704 |   0.0 |       0 |      41 |   0.0 |  1565
       Snake:2 |       0 |   33171 |   0.0 |       0 |      53 |   0.0 |  1770
       Snake:3 |       0 |   18397 |   0.0 |       0 |      34 |   0.0 |  1309
       Snake:4 |       0 |   69439 |   0.0 |       0 |     104 |   0.0 |  3194
         Orc:1 |       0 |     829 |   0.0 |       0 |      25 |   0.0 |   418
         Orc:2 |       0 |   11496 |   0.0 |       0 |     110 |   0.0 |  1256
      Vaults:1 |       0 |   47445 |   0.0 |       0 |      95 |   0.0 |  1970
      Vaults:2 |       0 |   48103 |   0.0 |       0 |      94 |   0.0 |  1653
      Vaults:3 |       0 |   22610 |   0.0 |       0 |      30 |   0.0 |   433
           Lab |       0 |    1277 |   0.0 |       0 |       1 |   0.0 |   155
               +---------+---------+-------+---------+---------+-------+---------

Vault maps used:
D:1:      dpeg_arrival_water_temple_mockup
D:2:      minmay_diamond_boxcup
D:3:      kennysheep_vampire_church
D:4:      lightli_temple_of_fire, temple_fountains, first_ration
D:5:      tgw_trog, serial_shops, nicolae_shop_waterfront
D:6:      tso_oasis_becter, minmay_mini_ossuary
D:7:      basic_altar, the_bakery, kennysheep_small_spiral
D:8:      slow_altar_2, special_room, uniq_pikel
D:9:      grunt_temple_overflow_open, minmay_lair_entry_grove, uniq_psyche
D:10:     special_room
D:11:     serial_shops, shop, shop, kennysheep_mini_moat, fedhas_altar_4,
          uniq_urug
D:12:     david_orc_2, basic_altar, nicolae_looking_at_the_future, uniq_harold
D:13:     hangedman_vaults_entry_quadrant_bands, uniq_nessos
D:14:     enter_trove_1
D:15:     gammafunk_enter_depths_forms, roderic_lattice_a, special_room,
          minivault_8
Lair:1:   lab_entry_generic
Lair:2:   st_stairs_7
Lair:3:   minmay_swamp_entry_worms, dummy_snake_entry, grunt_megastairs_1,
          serial_bayou_shore_a, infiniplex_staircase_pool, uniq_fannar
Lair:5:   grunt_megastairs_5, uniq_snorg
Lair:6:   due_jungle_book, slime_altar_2, grunt_megastairs_2
Swamp:1:  serial_swamp_ruin, evilmike_swamp_ruin_wall,
          evilmike_swamp_ruin_house_3
Swamp:2:  hangedman_swamp_pad
Swamp:3:  hangedman_swamp_ruin_wall, swamp_pool2, nicolae_swamp_snake_nest
Swamp:4:  swamp_basic_johnstein, nicolae_swamp_feature_on_the_river_bank
Snake:1:  special_room, nrook_loot_triangle, guppyfry_snake_island
Snake:2:  basic_altar, uniq_aizul
Snake:3:  lemuel_oklob_altar
Snake:4:  snake_pit_salamanders_mu, serial_shops, bzr_entry_water, shop,
          shop_fountains, shop_fountains, uniq_agnes, uniq_asterion
Orc:1:    enter_volcano_2, serial_shops, shop, basic_altar
Orc:2:    grunt_orc_community_town_hall, grunt_orc_community_big_house_2,
          grunt_orc_community_big_house_1, grunt_orc_community_house_2,
          grunt_orc_community_house_1, grunt_orc_community_house_2,
          grunt_orc_community_house_1, grunt_orc_community_house_3,
          grunt_orc_community_house_1, basic_altar
Vaults:1: v_misc_18, grunt_vaults_bifocal, ontoclasm_vaults_pinch, v_rooms_4,
          v_pattern_2, v_misc_26, ontoclasm_vaults_gateway,
          vaults_mumra_minichess, serial_shops, bzr_entry_road, shop_fountains,
          shop, basic_altar
Vaults:2: nicolae_vaults_fighting_squares, nicolae_vaults_triangles,
          hangedman_vaults_locks, minmay_crypt_entry_simple_statues, v_misc_2,
          v_misc_4, nicolae_vaults_stairing_the_circle,
          nicolae_vaults_what_the_h, vaults_dpeg_ring, serial_shops, shop
Vaults:3: ontoclasm_vaults_ring_large, hangedman_vaults_maws, v_misc_9,
          nicolae_vaults_little_squares_6, v_misc_2, st_lattice,
          hangedman_vaults_hat, vaults_mumra_hex, hangedman_vaults_stagger,
          serial_ice_h, serial_ice_m, vaults_room_door_ring, vaults_room_pool,
          serial_shops, shop, uniq_sojobo, uniq_xtahua
Lab:      nicolae_lab_dead_adventurers, nicolae_lab_arrow,
          nicolae_lab_checkerboard
Bazaar:   grunt_bazaar_doublecross, bazaar_long_row
Trove:    trove_wands_scrolls

Table legend:
 A = Turns spent in this place as a percentage of turns spent in the entire game.
 B = Non-inter-level travel turns spent in this place as a percentage of non-inter-level travel turns spent in the entire game.
 C = Inter-level travel turns spent in this place as a percentage of turns spent in this place.
 D = Turns resting spent in this place as a percentage of non-inter-level travel turns spent in this place.
 E = Turns spent auto-exploring this place as a percentage of non-inter-level travel turns spent in this place.
 F = Non-inter-level travel turns spent in this place divided by the number of levels of this place that you've seen.
                   A       B       C       D       E      F
               +-------+-------+-------+-------+-------+----------------------
         Total | 100.0 | 100.0 |   5.6 |  19.7 |  59.1 | 1019.4
       Dungeon |  35.9 |  35.8 |   5.8 |  17.3 |  64.2 | 925.7
          Lair |  16.1 |  15.5 |   9.3 |  11.0 |  73.3 | 999.2
         Swamp |  13.3 |  13.5 |   3.8 |  25.6 |  52.5 | 1312.0
     Snake Pit |  19.1 |  19.5 |   3.7 |  34.1 |  42.5 | 1887.0
  Orcish Mines |   4.1 |   4.0 |   7.8 |  10.0 |  62.5 | 771.5
        Vaults |   9.9 |  10.0 |   4.7 |  12.9 |  60.5 | 1289.0
     Labyrinth |   0.4 |   0.4 |   0.0 |   0.0 |   0.0 | 155.0
        Bazaar |   1.1 |   1.2 |   0.0 |   0.0 |  66.6 | 224.5
         Trove |   0.1 |   0.1 |   0.0 |   0.0 |   0.0 |  48.0
               +-------+-------+-------+-------+-------+----------------------

Table legend:
 A = Kills in this place as a percentage of kills in entire the game.
 B = Kills by you in this place as a percentage of kills by you in the entire game.
 C = Kills by friends in this place as a percentage of kills by friends in the entire game.
 D = Other kills in this place as a percentage of other kills in the entire game.
 E = Experience gained in this place as a percentage of experience gained in the entire game.
 F = Experience gained in this place divided by the number of levels of this place that you have seen.
                   A       B       C       D       E      F
               +-------+-------+-------+-------+-------+----------------------
         Total | 100.0 | 100.0 | 100.0 |   N/A | 100.0 | 11969.9
       Dungeon |  34.5 |  34.5 |  30.4 |   N/A |  13.9 | 4215.7
          Lair |   9.1 |   9.1 |   8.7 |   N/A |  10.4 | 7899.8
         Swamp |  14.0 |  13.9 |  21.7 |   N/A |  15.6 | 17687.8
     Snake Pit |  16.8 |  16.4 |  39.1 |   N/A |  31.2 | 35427.8
  Orcish Mines |   9.8 |   9.9 |   0.0 |   N/A |   2.7 | 6162.5
        Vaults |  15.8 |  16.1 |   0.0 |   N/A |  26.0 | 39386.0
     Labyrinth |   0.1 |   0.1 |   0.0 |   N/A |   0.3 | 1277.0
               +-------+-------+-------+-------+-------+----------------------
